 Dungeon Crawl Stone Soup version 0.32-a0-818-gb728d0252e (webtiles) character file.

Game seed: 3292609902747211220

164 smashvw the Magician (level 5, -13/35 HPs)
             Began as a Djinni Ice Elementalist on Mar 23, 2024.
             Mangled by an ice beast (21 damage)
             ... on level 3 of the Dungeon.
             The game lasted 00:10:28 (2578 turns).

smashvw the Magician (Djinni Ice Elementalist)      Turns: 2578, Time: 00:10:29

Health: -13/35     AC:  3    Str:  7    XL:     5   Next: 73%
Gold:   173        EV: 16    Int: 18    God:
                   SH:  0    Dex: 14

rFire   + + .        (no weapon)
rCold   x . .        (no shield)
rNeg    . . .        a - +0 robe
rPois   ∞            (no helmet)
rElec   .            g - +0 cloak
rCorr   +            (no gloves)
SInv    .            (boots unavailable)
Will    .....        (no amulet)
Stlth   ++           j - +5 ring of evasion
HPRegen 0.25/turn    q - ring of resist corrosion
MPRegen 0.00/turn

%: infuse magic (-14 HP)
@: mighty, flying, very slightly contaminated
A: sickness immunity, fire resistance 2, cold vulnerability 1, float, innate
caster, HP casting, extra vitality 1
a: no special abilities


You were on level 3 of the Dungeon.
You visited 1 branch of the dungeon, and saw 3 of its levels.

You collected 173 gold pieces.

Inventory:

Armour
 a - a +0 robe (worn)
 g - a +0 cloak (worn)
Jewellery
 j - a +5 ring of evasion (left hand)
 q - a ring of resist corrosion (right hand)
Scrolls
 c - a scroll of vulnerability
 e - 4 scrolls of identify
 f - a scroll of fog {unknown}
 m - a scroll of noise {unknown}
 n - a scroll of revelation {unknown}
 o - a scroll of teleportation {unknown}
 p - a scroll of enchant armour {unknown}
Potions
 b - a potion of mutation {unknown}
 d - a potion of haste {unknown}
 h - a potion of might
 i - a potion of heal wounds {unknown}
 k - 2 potions of brilliance {unknown}
 l - 2 potions of ambrosia {unknown}


   Skills:
 - Level 2.1 Dodging
 - Level 1.5 Stealth
 + Level 5.4 Spellcasting
 + Level 5.4 Conjurations
 + Level 5.4 Hexes
 + Level 5.4 Summonings
 + Level 5.4 Necromancy
 + Level 5.4 Translocations
 + Level 5.4 Fire Magic
 + Level 5.4 Ice Magic
 + Level 5.4 Air Magic
 + Level 5.4 Earth Magic
 + Level 5.4 Alchemy


You knew the following spells:

 Your Spells              Type           Power      Damage    Failure   Level
a - Freeze                Ice            96%        1d10      1%          1
b - Frozen Ramparts       Ice            48%        1d8       4%          3
c - Ozocubu's Armour      Ice            24%        N/A       4%          3
d - Summon Ice Beast      Ice/Summ       24%        N/A       4%          3
e - Sting                 Conj/Alch      96%        1d9       1%          1
f - Ensorcelled Hibernat  Hex/Ice        48%        N/A       1%          2
Your spell library was empty.

Dungeon Overview and Level Annotations

Branches:
Dungeon (3/15)

Altars:
Fedhas

Annotations:
D:3 Natasha


Innate Abilities, Weirdness & Mutations

You are immune to sickness and miasma.
You are immune to poison.
Your flesh is very heat resistant. (rF++)
You are vulnerable to cold. (rC-)
You float through the air rather than walking.
You learn spells naturally, not from books.
Your magical power is your life essence.
You have superior vitality. (+4 MHP)


Message History

Casting: Freeze (safe; 1% risk of failure)
Confirm with . or Enter, or press ? or * to list all spells.
A film of ice covers your body!
* * * LOW HITPOINT WARNING * * *
The ice beast completely resists.
The wall freezes the ice beast but does no damage.
The ice beast hits you but does no damage.
Okay, then.
You closely miss the ice beast.
The ice beast completely resists.
The wall freezes the ice beast but does no damage.
The ice beast misses you.
You punch the ice beast!
The ice beast is moderately wounded.
The wall freezes the ice beast but does no damage.
The ice beast closely misses you.
You barely miss the ice beast.
The ice beast is moderately wounded.
The frozen ramparts melt away.
The ice beast misses you.
You hit the ice beast.
The ice beast is moderately wounded.
The ice beast closely misses you.
Casting: Ozocubu's Armour (dangerous; 4% risk of failure)
Confirm with . or Enter, or press ? or * to list all spells.
Okay, then.
Casting: Ozocubu's Armour (dangerous; 4% risk of failure)
Confirm with . or Enter, or press ? or * to list all spells.
You can't see any susceptible monsters within range! (Use Z to cast anyway.) Unknown command.
Casting: Ozocubu's Armour (dangerous; 4% risk of failure)
Confirm with . or Enter, or press ? or * to list all spells.
A chill wind blows around you.
* * * LOW HITPOINT WARNING * * *
The ice beast barely misses you.
Your icy armour cracks and falls away as you move.
The ice beast attacks as it pursues you!
The ice beast hits you.
* * * LOW HITPOINT WARNING * * *
The ice beast freezes you!!
You feel a terrible chill!
Ouch! That really hurt!
You die...

## #####....###### .<.
###.......# #..#
#.......# ..).#+###
#.......#
........######.......#
#...h...............#
#..............######
.#Y........#
#.@Y......#
#.........#
#.........#
#...........
#############


You could see an ice beast (ally target), Natasha and a friendly ice beast
(summoned).

Vanquished Creatures
  Natasha (twice) (D:3)
  An orc wizard (D:3)
  2 adders (D:2)
  A ribbon worm (D:2)
  9 orcs (D:3)
  An endoplasm (D:2)
  3 giant cockroaches
  4 goblins
  6 hobgoblins
  4 jackals
  4 kobolds (D:3)
  2 quokkas
  6 ball pythons
  7 bats
  6 frilled lizards
  3 rats
61 creatures vanquished.

Notes
Turn   | Place    | Note
-------+----------+-------------------------------------------
     0 | D:1      | smashvw the Djinni Ice Elementalist began the quest for the
                  | Orb.
     0 | D:1      | smashvw set off with the following spells memorised:
                  | Freeze, Frozen Ramparts, Ozocubu's Armour, Summon Ice
                  | Beast.
     0 | D:1      | Reached XP level 1. HP: 15/15 MP: 0/0
   288 | D:1      | Reached XP level 2. HP: 20/21 MP: 0/0
   903 | D:2      | Reached XP level 3. HP: 20/25 MP: 0/0
   903 | D:2      | Learned a level 1 spell: Sting
  1394 | D:2      | Reached XP level 4. HP: 25/31 MP: 0/0
  1421 | D:2      | Found a blossoming altar of Fedhas.
  1535 | D:2      | Found a faded altar of an unknown god.
  2038 | D:3      | Noticed Natasha
  2047 | D:3      | Killed Natasha
  2067 | D:3      | Reached XP level 5. HP: 17/35 MP: 0/0
  2067 | D:3      | Learned a level 2 spell: Ensorcelled Hibernation
  2070 | D:3      | Reached skill level 5 in Spellcasting
  2070 | D:3      | Reached skill level 5 in Conjurations
  2070 | D:3      | Reached skill level 5 in Hexes
  2070 | D:3      | Reached skill level 5 in Summonings
  2070 | D:3      | Reached skill level 5 in Necromancy
  2070 | D:3      | Reached skill level 5 in Translocations
  2070 | D:3      | Reached skill level 5 in Fire Magic
  2070 | D:3      | Reached skill level 5 in Ice Magic
  2070 | D:3      | Reached skill level 5 in Air Magic
  2070 | D:3      | Reached skill level 5 in Earth Magic
  2070 | D:3      | Reached skill level 5 in Alchemy
  2400 | D:3      | Noticed Natasha
  2407 | D:3      | Killed Natasha
  2556 | D:3      | Noticed Natasha
  2564 | D:3      | Noticed an ice beast
  2578 | D:3      | Mangled by an ice beast

Illustrated notes

Levels and vault maps discovered:
D:1:      dpeg_arrival_three_smaller_balls, layout_basic,
          minmay_misc_feat_hallway
D:2:      layout_loops_corners, basic_altar,
          hellmonk_ecumenical_altar_pennies_from_heaven,
          kennysheep_generic_room_16
D:3:      cheibrodos_fertilizer, layout_basic, kiku_gazebo_garden_becter,
          uniq_natasha

Skill      XL: |  1  2  3  4  5 |
---------------+----------------+-----
Spellcasting   | 4 5 |  5.4
Conjurations   | 4 5 |  5.4
Hexes          | 4 5 |  5.4
Summonings     | 4 5 |  5.4
Necromancy     | 4 5 |  5.4
Translocations | 4 5 |  5.4
Fire Magic     | 4 5 |  5.4
Ice Magic      | 4 5 |  5.4
Air Magic      | 4 5 |  5.4
Earth Magic    | 4 5 |  5.4
Alchemy        | 4 5 |  5.4
Dodging        | |  2.1
Stealth        | |  1.5

Action                     |  1- 3 |  4- 6 || total
---------------------------+-------+-------++-------
  Melee: Unarmed           |     6 |    21 ||    27
   Cast: Freeze            |    28 |     9 ||    37
         Sting             |     9 |    18 ||    27
         Frozen Ramparts   |     5 |    13 ||    18
         Ozocubu's Armour  |       |     3 ||     3
         Ensorcelled Hiber |       |     3 ||     3
         Summon Ice Beast  |       |     1 ||     1
    Use: Scroll            |       |     1 ||     1
         Potion            |       |     1 ||     1
   Stab: Sleeping          |       |     1 ||     1
 Armour: Robe              |    19 |    20 ||    39
  Dodge: Dodged            |    32 |    30 ||    62

Table legend: (Time is in decaauts)
 A = Elapsed time spent in this place.
 B = Non-inter-level travel time spent in this place.
 C = Inter-level travel time spent in this place.
 D = Time resting spent in this place.
 E = Time spent auto-exploring this place.
 F = Levels seen in this place.
 G = Mean time per level.
                   A        B        C        D        E       F      G
               +--------+--------+--------+--------+--------+-----+--------+
         Total |   2576 |   2458 |    118 |      0 |   2097 |   3 |  858.7 |
       Dungeon |   2576 |   2458 |    118 |      0 |   2097 |   3 |  858.7 |
               +--------+--------+--------+--------+--------+-----+--------+

Top non-repeatable levels by time:
     D:2: 1091 daAuts
     D:1: 793 daAuts
     D:3: 692 daAuts
